 Dungeon Crawl Stone Soup version 0.30-a0-381-g6ea064c7b4 (webtiles) character file.

Game seed: 7701870432064868511

381 qeuew the Chopper (level 6, 0/53 HPs)
             Began as a Hill Orc Fighter on Dec 1, 2022.
             Was a Believer of Qazlal.
             Slain by an iguana (2 damage)
             ... on level 4 of the Dungeon.
             The game lasted 00:02:47 (1983 turns).

qeuew the Chopper (Hill Orc Fighter)                Turns: 1983, Time: 00:02:48

Health: 0/53       AC:  8    Str: 21    XL:     6   Next: 75%
Magic:  8/8        EV:  9    Int:  8    God:    Qazlal [**....]
Gold:   173        SH:  7    Dex: 10    Spells: 5/5 levels left

rFire   . . .      SeeInvis .    a - +0 war axe (flame)
rCold   . . .      Faith    .    c - +0 buckler
rNeg    . . .      Spirit   .    b - +1 scale mail
rPois   .          Reflect  .    (no helmet)
rElec   .          Harm     .    (no cloak)
rCorr   .          Rampage  .    (no gloves)
Will    .....                    (no boots)
Stlth   ..........               (no amulet)
HPRegen 0.28/turn                (no ring)
MPRegen 0.11/turn                (no ring)

@: lethally poisoned (0 -> -1)
A: no striking features
a: Renounce Religion, Upheaval


You were on level 4 of the Dungeon.
You worshipped Qazlal.
Qazlal was pleased with you.
You visited 1 branch of the dungeon, and saw 4 of its levels.

You collected 173 gold pieces.

Inventory:

Hand Weapons
 a - a +0 war axe of flaming (weapon)
Armour
 b - a +1 scale mail (worn)
 c - a +0 buckler (worn)
Wands
 i - a wand of flame (24)
 n - a wand of polymorph (4)
Scrolls
 g - a scroll of brand weapon
 k - a scroll of enchant weapon
Potions
 d - a potion of might
 j - 4 potions of curing


   Skills:
 + Level 4.5 Fighting
 * Level 5.0 Axes
 + Level 4.1 Armour
 + Level 1.5 Dodging
 + Level 4.2 Shields
 * Level 3.4 Invocations
 + Level 1.5 Evocations


You had 5 spell levels left.
You didn't know any spells.
Your spell library contained the following spells:

 Spells                   Type           Power      Damage    Failure   Level
 Summon Small Mammal      Summ           0%         N/A       83%         1
 Call Canine Familiar     Summ           0%         N/A       99%         3
 Gell's Gravitas          Tloc           0%         N/A       99%         3
 Summon Guardian Golem    Hex/Summ       0%         N/A       99%         3
 Teleport Other           Tloc           0%         N/A       99%         3
 Dispersal                Tloc           0%         N/A       100%        6


Dungeon Overview and Level Annotations

Branches:
Dungeon (4/15)             Temple (0/1) D:4

Altars:
Kikubaaqudgha
Qazlal

Shops:
D:2 ?:?!


Message History

You hit the goblin. You burn the goblin.
You kill the goblin!
Qazlal accepts your kill.
You barely miss the hound.
You feel extremely sick. You block the hound's attack.
The hound bites you but does no damage.
You feel very sick. The hound misses you.
You see here a +1 dagger of venom.
Unknown command.
Found an ancient bone altar of Kikubaaqudgha.
You feel very sick. The hound bites you. You block the hound's attack.
You feel very sick. You block the iguana's attack.
The iguana attacks as you move away! The iguana closely misses you.
You feel sick. You block the hound's attack.
Unknown command.
You closely miss the hound. You barely miss the iguana.
You feel sick.
The hound is engulfed in freezing vapours.
You block the hound's attack.
The iguana bites you but does no damage.
The hound is engulfed in freezing vapours.
You kill the hound!
Qazlal accepts your kill.
You feel sick. The iguana bites you.
* * * LOW HITPOINT WARNING * * *
You barely miss the iguana.
You feel sick.
The iguana bites you but does no damage.
The iguana bites you.
* * * LOW HITPOINT WARNING * * *
You hit the iguana. You burn the iguana.
The iguana is heavily wounded.
You feel sick. The iguana bites you.
* * * LOW HITPOINT WARNING * * *
You hit the iguana. You burn the iguana.
The iguana is severely wounded.
* * * LOW HITPOINT WARNING * * *
You feel sick. The iguana bites you.
You die...

### ...### ......######
##### ..........###...##
.#.#..............# ###
.._....°°.........#####..
#....@☼).....#...##...
........l.....>####......
..............## ##.....
.............## ##....
.............# ##...
............## ##..
............# #..
##.........#. #.. ##.


You could see an iguana.

Vanquished Creatures
  2 scorpions
  4 hounds
  Ijyb (D:3)
  5 adders
  2 worms
  A dart slug (D:2)
  2 orcs (D:3)
  7 ball pythons
  5 bats
  5 endoplasms
  3 giant cockroaches
  8 goblins
  3 hobgoblins
  9 jackals (D:1)
  3 quokkas
  2 frilled lizards
  6 kobolds
  5 rats
73 creatures vanquished.

Vanquished Creatures (others)
  A plant (D:4)
1 creature vanquished.

Grand Total: 74 creatures vanquished

Notes
Turn   | Place    | Note
-------+----------+-------------------------------------------
     0 | D:1      | qeuew the Hill Orc Fighter began the quest for the Orb.
     0 | D:1      | Reached XP level 1. HP: 19/19 MP: 1/1
   163 | D:1      | Reached skill level 3 in Axes
   167 | D:1      | Reached XP level 2. HP: 27/27 MP: 2/2
   315 | D:1      | Reached XP level 3. HP: 32/33 MP: 3/3
   465 | D:1      | Found a faded altar of an unknown god.
   473 | D:1      | Prayed at the altar of an unknown god.
   473 | D:1      | Became a worshipper of Qazlal Stormbringer
   473 | D:1      | Reached * piety under Qazlal
   943 | D:2      | Found Giuzep's Magic Scroll Boutique.
  1042 | D:2      | Reached skill level 1 in Invocations
  1042 | D:2      | Reached XP level 4. HP: 38/40 MP: 4/4
  1086 | D:2      | Found Zillaq's Book Shop.
  1148 | D:2      | Found Orhoma Qill's Magic Scroll Boutique.
  1175 | D:2      | Found Jimote's Distillery.
  1345 | D:3      | Noticed a scorpion
  1359 | D:3      | Killed a scorpion
  1359 | D:3      | Reached ** piety under Qazlal
  1360 | D:3      | Reached skill level 4 in Axes
  1360 | D:3      | Reached skill level 1 in Dodging
  1360 | D:3      | Reached XP level 5. HP: 34/46 MP: 4/6
  1520 | D:3      | Reached skill level 1 in Evocations
  1773 | D:3      | Noticed Ijyb
  1781 | D:3      | Killed Ijyb
  1782 | D:3      | Reached XP level 6. HP: 48/52 MP: 6/8
  1915 | D:4      | Found a staircase to the Ecumenical Temple.
  1945 | D:4      | Reached skill level 5 in Axes
  1976 | D:4      | Found an ancient bone altar of Kikubaaqudgha.
  1982 | D:4      | HP: 2/53 [iguana (5)]
  1983 | D:4      | Slain by an iguana

Illustrated notes

Levels and vault maps discovered:
D:1:      amcnicky_arrival_wind_blow, layout_loops_ring,
          ebering_ecumenical_altar_webs
D:2:      layout_rooms, serial_shops, shop, nicolae_shop_window_shopping, shop,
          shop
D:3:      layout_rooms, uniq_ijyb
D:4:      layout_cave_pods, mainiacjoe_overflow_alcove_4, lemuel_crystal_altar,
          minmay_temple_entry_gardened_gates

Skill      XL: |  1  2  3  4  5  6 |
---------------+-------------------+-----
Axes           | 3 4 5 |  5.0
Fighting       | 4 |  4.5
Invocations    | 1 2 3 |  3.4
Dodging        | 1 |  1.5
Evocations     | 1 |  1.5
Shields        | 4 |  4.2
Armour         | 4 |  4.1

Action                   |  1- 3 |  4- 6 || total
-------------------------+-------+-------++-------
Melee: War axe           |   108 |    89 ||   197
       Unarmed           |       |     5 ||     5
  Use: Scroll            |     3 |     6 ||     9
       Potion            |     3 |     2 ||     5
Armor: Scale mail        |    46 |    45 ||    91
       Skin              |       |     1 ||     1
Dodge: Dodged            |    62 |    45 ||   107
Block: Buckler           |    26 |    43 ||    69

Table legend: (Time is in decaauts)
 A = Elapsed time spent in this place.
 B = Non-inter-level travel time spent in this place.
 C = Inter-level travel time spent in this place.
 D = Time resting spent in this place.
 E = Time spent auto-exploring this place.
 F = Levels seen in this place.
 G = Mean time per level.
                   A        B        C        D        E       F      G
               +--------+--------+--------+--------+--------+-----+--------+
         Total |   2061 |   2001 |     60 |      1 |   1527 |   4 |  515.2 |
       Dungeon |   2061 |   2001 |     60 |      1 |   1527 |   4 |  515.2 |
               +--------+--------+--------+--------+--------+-----+--------+

Top non-repeatable levels by time:
     D:1: 787 daAuts
     D:3: 583 daAuts
     D:2: 538 daAuts
     D:4: 151 daAuts
